[Event "*** Titled Tuesday 3|2 Blitz"]
[Site "Chess.com"]
[Date "2015.01.27"]
[Round "2"]
[White "Tomsel"]
[Black "Rogue_King"]
[Result "1-0"]
[WhiteElo "2304"]
[BlackElo "2012"]
[TimeControl "180+2"]
[EndTime "11:21:46 PST"]
[Termination "Tomsel won by resignation"]

1. d4 Nf6 2. Bf4 d6 3. Nc3 Nbd7 4. Nf3 c5 5. e3 g6 6. h3 Bg7 7. a3 O-O 8. Bc4 a6 9. O-O b5 10. Be2 Bb7 11. Bh2 Rc8 12. Re1 Ne4 13. Nxe4 Bxe4 14. c3 Nf6 15. a4 c4 16. axb5 axb5 17. Ra7 e6 18. Qa1 Nd5 19. Nd2 Bd3 20. Bxd3 cxd3 21.
Qa6 Nb6 22. Qxb5 e5 23. Rb7 Nd7 24. Qxd7 Qg5 25. Ne4 Qh5 26. Qg4 f5 27. Qxh5 gxh5 28. Nxd6 Rc6 29. Bxe5 Bxe5 30. dxe5 Rc5 31. f4 Kh8 32.
Rd1 h6 33. Rxd3 Rg8 34. Nf7+ Kh7 35. Rd6 Ra5 36. Ng5+ 1-0

[Event "*** Titled Tuesday 3|2 Blitz"]
[Site "Chess.com"]
[Date "2015.01.27"]
[Round "2"]
[White "oggy1984"]
[Black "samhawkins"]
[Result "1-0"]
[WhiteElo "2194"]
[BlackElo "2323"]
[TimeControl "180+2"]
[EndTime "11:21:52 PST"]
[Termination "oggy1984 won by resignation"]

1. e4 e5 2. Nf3 Nc6 3. Bb5 g6 4. O-O Bg7 5. c3 Nge7 6. Re1 O-O 7. h3 h6 8. d4 exd4 9. cxd4 d5 10. e5 a6 11. Ba4 b5 12. Bb3 Kh7 13. Nc3 Be6 14. Ne2 Qd7 15. Nf4 Bf5 16. Be3 Nd8 17. Rc1 Ne6 18. Ne2 Rac8 19. Ng3 Be4 20.
Nxe4 dxe4 21. Nd2 Nxd4 22. Nxe4 Nef5 23. g4 Nxe3 24. fxe3 Bxe5 25. exd4 Qxd4+ 26. Qxd4 Bxd4+ 27. Kg2 Bxb2 28. Rc6 a5 29. Rf1 Kg7 30. Nc5 a4 31.
Bc2 Rcd8 32. Rxc7 Rd2+ 33. Rf2 Rxf2+ 34. Kxf2 Be5 35. Rc6 Rd8 36. Ke2 Rd4 37. Nd3 Bf6 38.
Rc7 Bg5 39. Rb7 Re4+ 40. Kf2 Rc4 41. Bb1 a3 42. Rxb5 Bh4+ 43. Kf3 Rc7 44. Ra5 Be7 45.
Ra6 Rc3 46. Ke2 Rc4 47. Ra7 Bd6 48. Rd7 Bf8 49. Rxf7+ Kg8 50. Rf6 Kg7 51. Rxg6+ Kh8 52. Ne5 Rc1 53. Bd3 Bg7 54. Nf7+ Kh7 55. Rc6+ Kg8 56.
Rxc1 Kxf7 57. Rc7+ 1-0

[Event "*** Titled Tuesday 3|2 Blitz"]
[Site "Chess.com"]
[Date "2015.01.27"]
[Round "2"]
[White "exoticprincess"]
[Black "FlySooHigh"]
[Result "1-0"]
[WhiteElo "2635"]
[BlackElo "2384"]
[TimeControl "180+2"]
[EndTime "11:22:04 PST"]
[Termination "exoticprincess won by resignation"]

1. b3 e5 2. Bb2 Nc6 3. e3 g6 4. h4 h5 5. c4 Bg7 6. d3 Nge7 7. Nd2 d5 8. cxd5 Nxd5 9. a3 Bg4 10.
Ngf3 O-O 11. Be2 Nde7 12. Qc2 Qd7 13. Rc1 Rad8 14. b4 a6 15. Ne4 Bf5 16. Nc5 Qc8 17. O-O Rd6 18. Ne4 Rdd8 19. Qb1 Bg4 20. Rfe1 Nf5 21.
g3 Nfe7 22. Qa1 f6 23. Rc2 Kh8 24. Rec1 Qf5 25. Ne1 Bxe2 26. Rxe2 Qc8 27. Qa2 Rd5 28. Nc5 Rfd8 29. Rec2 b6 30. Ne4 Qe6 31. Qb3 R8d7 32.
a4 Kg8 33. b5 axb5 34. axb5 Na5 35. Qa2 c5 36. Nxc5 bxc5 37. Qxa5 Qh3 38. b6 Nf5 39. b7 Rd8 40. Rxc5 Nxg3 41. fxg3 Qxg3+ 42. Ng2 Rxd3 43. Qe1 Qf3 44. Rb5 Rd1 45. Rxd1 Rxd1 46.
b8=Q+ Kh7 47. Qxd1 Qxd1+ 48. Kh2 Qf1 49. Rb7 1-0

[Event "*** Titled Tuesday 3|2 Blitz"]
[Site "Chess.com"]
[Date "2015.01.27"]
[Round "2"]
[White "tac49"]
[Black "Dlugy"]
[Result "0-1"]
[WhiteElo "2182"]
[BlackElo "2579"]
[TimeControl "180+2"]
[EndTime "11:22:08 PST"]
[Termination "Dlugy won by resignation"]

1. e4 d5 2. Nc3 d4 3. Nce2 g6 4. d3 Bg7 5. Ng3 h5 6. h4 c5 7. Nf3 Nc6 8. Bg5 Bg4 9. Be2 f6 10. Bd2 e5 11. Nh2 Be6 12. f4 exf4 13. Bxf4 Bh6 14.
Qd2 Qa5 15. Qxa5 Nxa5 16. O-O Nc6 17. Bxh6 Rxh6 18. a3 a5 19. Rae1 a4 20. Nf3 Ra6 21.
e5 f5 22. Ng5 Nd8 23. Bf3 Rb6 24. Rb1 Ba2 25. Ra1 Be6 26. Rab1 Ne7 27. c4 Nec6 28. Bxc6+ Rxc6 29. Ne2 Rb6 30. Nf4 Kd7 31. Rf2 Rb3 32. Re1 Rh8 33. Nxg6 Rg8 34. Nf4 b5 35.
Nxh5 Rh8 36. Nf6+ Ke7 37. Nd5+ Kd7 38. Nf6+ Ke7 39. Nd5+ Kd7 40. Nf6+ Kc6 41. cxb5+ Kxb5 42. Nxe6 Nxe6 43. Rxf5 Rxh4 44. Rf3 Rxb2 45. Ne4 Kc6 46. Rc1 Kd5 47. Rf5 Rxe4 48. dxe4+ Kxe4 49. Rf6 Kxe5 50. Rxe6+ Kxe6 51. Rxc5 d3 52. Rc4 Rb1+ 0-1

[Event "*** Titled Tuesday 3|2 Blitz"]
[Site "Chess.com"]
[Date "2015.01.27"]
[Round "2"]
[White "bugsbunny444"]
[Black "AUSSIE_PINOY"]
[Result "1-0"]
[WhiteElo "2268"]
[BlackElo "2206"]
[TimeControl "180+2"]
[EndTime "11:22:36 PST"]
[Termination "bugsbunny444 won on time"]

1. Nf3 c5 2. c4 b6 3. g3 Bb7 4.
Bg2 Nf6 5. O-O e6 6. b3 d6 7. Bb2 Be7 8. Nc3 O-O 9. e3 a6 10.
d4 Nbd7 11. d5 exd5 12. Nh4 Re8 13. Nf5 Bf8 14. Nxd5 Ra7 15. Nxf6+ Nxf6 16. Bxb7 Rxb7 17. Qf3 Rd7 18. Rad1 Re6 19. Rd3 g6 20. Nh4 Ne4 21.
Ng2 g5 22. Rfd1 Bg7 23. Bxg7 Kxg7 24. Qe2 Qe7 25. f3 Nf6 26. e4 h6 27. Ne3 Kh7 28.
Nf5 Qf8 29. Qd2 Ne8 30. Qc3 f6 31. Kg2 Kg6 32. Ne3 Nc7 33. Qc2 Kf7 34. R3d2 Ne8 35. Nf5 Kg8 36. Rd3 h5 37. R3d2 Kh8 38. h4 gxh4 39.
Nxh4 Qh6 40. Nf5 Qg6 41. Rh1 Kg8 42. Rh4 Rh7 43. Rd1 Kf8 44. Rdh1 Ng7 45. g4 1-0

[Event "*** Titled Tuesday 3|2 Blitz"]
[Site "Chess.com"]
[Date "2015.01.27"]
[Round "2"]
[White "rhungaski"]
[Black "Gevorg_Harutjunyan"]
[Result "0-1"]
[WhiteElo "2367"]
[BlackElo "2526"]
[TimeControl "180+2"]
[EndTime "11:22:47 PST"]
[Termination "Gevorg_Harutjunyan won by checkmate"]

1. e4 c6 2. d4 d5 3. e5 Bf5 4.
Nf3 e6 5. Be2 Nd7 6. Nbd2 Nh6 7.
O-O Bg6 8. b3 Nf5 9. Bb2 a6 10. c4 h5 11. a3 h4 12. h3 Be7 13.
Re1 Bh5 14. c5 Nf8 15. Nh2 Bxe2 16. Qxe2 Ng6 17. Qf3 Bg5 18. Red1 b5 19. cxb6 Qxb6 20. Ndf1 a5 21. Rab1 Be7 22. Ng4 Rb8 23. Rd3 Qb5 24. a4 Qa6 25. Rbd1 Rb6 26. Nfe3 Nxe3 27. fxe3 Qb7 28.
Rf1 O-O 29. Qd1 c5 30. Bc1 c4 31. bxc4 dxc4 32. Rc3 Qd5 33. Qf3 Bb4 34. Rc2 c3 35. Qxd5 exd5 36. Kf2 Rc8 37. Ke2 Nf8 38. Kd3 Rg6 39.
e4 dxe4+ 40. Kxe4 Nd7 41. Bf4 Re8 42. Kd3 Nb6 43. Ra1 Nd5 44. Ke4 Rd6 45. Bh2 Rd7 46. Ne3 Nb6 47. d5 f5+ 48. Kd4 Nxd5 49. e6 Rxe6 50.
Nxd5 Re4+ 51. Kd3 Rxd5# 0-1

[Event "*** Titled Tuesday 3|2 Blitz"]
[Site "Chess.com"]
[Date "2015.01.27"]
[Round "2"]
[White "quitforever"]
[Black "gumersindo"]
[Result "0-1"]
[WhiteElo "2210"]
[BlackElo "2110"]
[TimeControl "180+2"]
[EndTime "11:22:51 PST"]
[Termination "gumersindo won on time"]

1. d4 d5 2. c4 c6 3. Nf3 Nf6 4. g3 g6 5. Bg2 Bg7 6. O-O O-O 7. Nc3 dxc4 8. Ne5 Ng4 9. Nxg4 Bxg4 10. h3 Be6 11.
Be3 Nd7 12. f4 Nb6 13. Bf2 f5 14. Qd2 Nd5 15. Rad1 b5 16. Kh2 Nxc3 17. bxc3 Bd5 18. e4 fxe4 19. Rfe1 e3 20. Rxe3 Bxg2 21. Kxg2 Qd5+ 22.
Kh2 Bf6 23. g4 h6 24. Bg3 a5 25. a3 Rfd8 26. h4 Ra7 27. Qc2 Kf7 28. Rde1 h5 29.
g5 Bg7 30. Re6 Rd6 31. Qxg6+ Kg8 32. Qe8+ Bf8 33. Rxd6 exd6 34. Qxh5 Qf5 35. Qf3 b4 36. axb4 axb4 37. cxb4 Ra2+ 38. Re2 Ra1 39. Qxc6 d5 40.
h5 Rh1+ 41. Kxh1 Qh3+ 42. Kg1 Qxg3+ 43. Kf1 Qf3+ 44. Ke1 Bxb4+ 45. Kd1 Qf1+ 46. Kc2 Qxe2+ 47. Kb1 Qd3+ 48. Ka2 Qb3+ 0-1

[Event "*** Titled Tuesday 3|2 Blitz"]
[Site "Chess.com"]
[Date "2015.01.27"]
[Round "2"]
[White "guillead1"]
[Black "FairChess_on_YouTube"]
[Result "0-1"]
[WhiteElo "2398"]
[BlackElo "2714"]
[TimeControl "180+2"]
[EndTime "11:23:02 PST"]
[Termination "FairChess_on_YouTube won by resignation"]

1. d4 d5 2. c4 e6 3. Nf3 Nf6 4.
g3 Bb4+ 5. Bd2 Be7 6. Bg2 O-O 7.
O-O Nbd7 8. Qc2 c6 9. Rd1 b6 10. b3 Bb7 11. Nc3 Qc8 12. Rac1 Ba3 13. Rb1 Be7 14. Rbc1 Ba3 15. Rb1 a5 16. Bf4 Bb4 17.
Rbc1 Ba3 18. Rb1 h6 19. Ne5 Bb4 20. Nd3 Be7 21. Rbc1 Ba3 22. Rb1 Ba6 23. Na4 b5 24. cxb5 Bxb5 25. Nac5 Bxc5 26. Nxc5 Nxc5 27. dxc5 a4 28.
b4 a3 29. Be5 Nd7 30. Bd6 Re8 31. e4 Qa6 32. Bf1 dxe4 33. Qxe4 Nf6 34. Bxb5 Qxb5 35.
Qd3 Nd5 36. Qxb5 cxb5 37. Rb3 Ra4 38. Rd4 Rd8 39. f4 Ne7 40. Rdd3 Nc6 41. Rxa3 Rda8 42. Rxa4 Rxa4 43. a3 f6 44. Kf2 Kf7 45. Ke3 g5 46. Kd2 g4 47. Kc2 Ra7 48. Kb3 h5 49. Rd2 e5 50. fxe5 fxe5 51. Kb2 Ke6 52. Bf8 Nd4 53. Bh6 Nf5 54. Bg5 Rg7 55. Bd8 Nd4 56. Kc3 Ra7 57. Kb2 Rf7 58. Bg5 Rf3 59. Bd8 Kd5 60. Bc7 e4 61.
Bf4 e3 62. Bxe3 Rxe3 63. Rf2 Rb3+ 64. Ka2 Rf3 65. Rd2 Kc4 66. Rg2 Kc3 67. Rb2 Rf1 68. Rg2 Nb3 0-1

[Event "*** Titled Tuesday 3|2 Blitz"]
[Site "Chess.com"]
[Date "2015.01.27"]
[Round "2"]
[White "MikePerelshteyn"]
[Black "Carolina-moon"]
[Result "1/2-1/2"]
[WhiteElo "2029"]
[BlackElo "2001"]
[TimeControl "180+2"]
[EndTime "11:23:18 PST"]
[Termination "Game drawn by agreement"]

1. Nf3 f5 2. e4 fxe4 3. Ng5 d5 4.
d3 Qd6 5. dxe4 h6 6. Nh3 dxe4 7.
Qe2 Nf6 8. Nf4 g5 9. Ng6 Rg8 10. Nxf8 Rxf8 11. Nc3 Nc6 12. Be3 Bg4 13. Qb5 O-O-O 14.
Be2 Bxe2 15. Qxe2 Nd4 16. Bxd4 Qxd4 17. Rd1 Qe5 18. O-O Rxd1 19. Rxd1 Rd8 20. Re1 c6 21. h3 Rd4 22. a3 Kc7 23. Qe3 Nd5 24. Nxd5+ cxd5 25. Qc3+ Kb8 26. Qa5 Qc7 27. Qb5 a6 28. Qe8+ Ka7 29.
Qg6 Qb6 30. Qxb6+ Kxb6 31. Re2 Rd1+ 32. Kh2 Kc5 33. Kg3 e5 34. Kg4 Rg1 35. g3 Rh1 36. Kf5 a5 37. Kxe5 b5 38. Rd2 Rxh3 39. Rxd5+ Kc6 40.
Kxe4 Rh2 41. Rf5 b4 42. axb4 axb4 43. b3 Kd6 44. Kd4 Ke6 45. Rf3 h5 46. Ke4 h4 47. gxh4 gxh4 48. Kf4 Rh1 49. Kg4 Rc1 50. Kxh4 Rxc2 51. Kg4 Rc3 52. Kf4 Kd5 53. Re3 Rc1 54.
Kf3 Kd4 55. Ke2 Rc2+ 56. Kf3 Rc3 57. Kf4 Rxe3 58. fxe3+ Kc3 59. e4 Kxb3 60. e5 Kc2 61. e6 b3 62. e7 b2 63. e8=Q b1=Q 64. Qe4+ Kc1 65. Qe1+ Kb2 66. Qb4+ Kc1 67. Qe1+ Kb2 1/2-1/2

[Event "*** Titled Tuesday 3|2 Blitz"]
[Site "Chess.com"]
[Date "2015.01.27"]
[Round "2"]
[White "Konavets"]
[Black "chesstatour"]
[Result "1-0"]
[WhiteElo "2297"]
[BlackElo "1878"]
[TimeControl "180+2"]
[EndTime "11:23:23 PST"]
[Termination "Konavets won by resignation"]

1. e4 c6 2. d4 d5 3. exd5 cxd5 4. c4 Nf6 5. Nc3 Nc6 6. Bg5 Qa5 7.
Bxf6 exf6 8. cxd5 Bb4 9. Ne2 Ne7 10. a3 Bxc3+ 11. bxc3 Nxd5 12. Qd2 O-O 13. c4 Qxd2+ 14. Kxd2 Nb6 15. Nc3 Rd8 16. d5 Bf5 17. Ke3 Rac8 18. Kd4 Nd7 19. Rb1 Nc5 20. Rb2 a6 21.
Be2 Ne6+ 22. Ke3 Nc5 23. g4 Bg6 24. f4 h5 25. f5 Bh7 26. h3 Rc7 27. Kd4 Nd7 28.
Rhb1 b6 29. Na4 b5 30. cxb5 axb5 31. Bxb5 Ne5 32. Rg2 Nf3+ 33. Ke4 Ng5+ 34. Kd4 Nf3+ 35. Ke3 Nh4 36. Rd2 Re7+ 37. Kf2 Re5 38. Bc6 g6 39.
fxg6 Bxg6 40. Rb3 f5 41. gxh5 Bxh5 42. Re3 Rxe3 43. Kxe3 Kg7 44. Kf4 Kf6 45. Nc5 Ng6+ 46.
Ke3 Ne5 47. Rc2 Bg6 48. Rc1 f4+ 49. Kxf4 Nd3+ 50. Nxd3 Bxd3 51. Ke3 Bf5 52. Kd4 Bxh3 53. Kc5 Ke5 54. Re1+ Kf4 55. d6 f5 56. d7 Kg3 57.
Re8 Rxd7 58. Bxd7 1-0

[Event "*** Titled Tuesday 3|2 Blitz"]
[Site "Chess.com"]
[Date "2015.01.27"]
[Round "2"]
[White "FytNob"]
[Black "SidArun"]
[Result "1/2-1/2"]
[WhiteElo "1857"]
[BlackElo "1809"]
[TimeControl "180+2"]
[EndTime "11:23:51 PST"]
[Termination "Game drawn by repetition"]

1. d4 Nf6 2. c4 c5 3. d5 e6 4. Nc3 exd5 5. cxd5 d6 6. Nf3 g6 7.
Qa4+ Bd7 8. Qb3 Qc7 9. Bf4 Bg7 10. e4 O-O 11. Bd3 Nh5 12. Bg5 f5 13. O-O f4 14.
Qd1 h6 15. e5 Bf5 16. exd6 Qxd6 17. Bxf5 Rxf5 18. Ne4 Qxd5 19. Qxd5+ Rxd5 20. Be7 Nc6 21. Bxc5 Re8 22. Nfd2 b6 23. Ba3 Nd4 24. Rad1 Ne2+ 25. Kh1 Red8 26. b3 Nc3 27. Rde1 Nb5 28. Bc1 Bc3 29.
Nxc3 Nxc3 30. Re6 Nxa2 31. Nf3 Nxc1 32. Rxc1 Rd1+ 33. Rxd1 Rxd1+ 34. Ng1 Kf7 35. Rc6 Ra1 36. g4 fxg3 37. hxg3 Nf6 38. Kg2 Rd1 39. Nf3 Ng4 40.
Rc4 h5 41. Ng5+ Kf6 42. Ne4+ Ke5 43. Nc3 Rd2 44. Rf4 g5 45. Re4+ Kf5 46. Re2 Rxe2 47. Nxe2 Ke4 48. f3+ Ke3 49. fxg4 hxg4 50. Nc3 Kd4 51.
Nb5+ Kc5 52. Nxa7 Kb4 53. Nc8 b5 54. Nd6 Kc5 55. Ne4+ Kb4 56. Nxg5 Kxb3 57. Kf2 Kc2 58. Ne4 b4 59. Nc5 Kd2 60. Nb3+ Kc3 61. Na5 Kd2 62. Nc4+ Kc3 63. Na5 Kd2 64. Kf1 Ke3 65. Kg2 Ke2 66. Nb3 Ke3 67. Nc1 Kd2 68. Nb3+ Kc3 69. Na5 Kd3 70. Kf2 Kd2 1/2-1/2

[Event "*** Titled Tuesday 3|2 Blitz"]
[Site "Chess.com"]
[Date "2015.01.27"]
[Round "2"]
[White "kleber2007"]
[Black "Rijeka1999"]
[Result "1/2-1/2"]
[WhiteElo "2143"]
[BlackElo "2276"]
[TimeControl "180+2"]
[EndTime "11:24:32 PST"]
[Termination "Game drawn - insufficient material"]

1. d4 d5 2. Nf3 Nf6 3. c4 c6 4. e3 a6 5. Nbd2 b5 6. b3 Bg4 7. Bd3 Nbd7 8. Bb2 e6 9. Qc2 Be7 10.
O-O O-O 11. Ne5 bxc4 12. bxc4 Nxe5 13. dxe5 Nd7 14. Bxh7+ Kh8 15. Bd3 Nc5 16. cxd5 Nxd3 17. Qxd3 cxd5 18. Rfc1 Rb8 19. Ba3 Bf5 20. Qc3 Bxa3 21.
Qxa3 Qb6 22. Nf3 Rfc8 23. Nd4 Bg6 24. h3 Rxc1+ 25. Rxc1 Qb2 26. Qxb2 Rxb2 27. a3 Ra2 28. Rc3 Kh7 29. f3 Kh6 30. Kh2 Kg5 31. Kg3 Kh5 32. Nc6 Ra1 33. Nb4 a5 34. Nc6 a4 35. Nd4 Bb1 36. Ne2 Ba2 37. Nf4+ Kh6 38. Rc8 Kh7 39.
Rc7 Bb3 40. Rxf7 Rxa3 41. Ra7 d4 42. exd4 Bc4 43. d5 exd5 44. e6 d4 45. e7 Bf7 46.
Ne6 Kg6 47. Ra6 Kf6 48. Nc5+ Kxe7 49. Rxa4 Rxa4 50. Nxa4 d3 51. Nb2 d2 52. Kf2 Bb3 53. Ke2 Kf6 54. Kxd2 Kg5 55. g3 Bd5 56. Ke3 Kf6 57.
Nd3 Be6 58. h4 Bd5 59. Kf4 Bc4 60. Ne5 Bd5 61. g4 g6 62. Nd7+ Kg7 63. Nc5 Bc6 64.
Ne6+ Kf6 65. Ng5 Bd5 66. Ne4+ Kg7 67. Ke5 Bc4 68. f4 Be2 69. Nf2 Bf3 70. f5 gxf5 71. Kxf5 Be2 72. h5 Bf3 73. Ne4 Kh6 74. Kf4 Be2 75. g5+ Kg7 76. Ng3 Bd1 77. Ke5 Bf3 78. Ke6 Bxh5 79. Nxh5+ Kg6 80. Nf4+ Kxg5 1/2-1/2

[Event "*** Titled Tuesday 3|2 Blitz"]
[Site "Chess.com"]
[Date "2015.01.27"]
[Round "2"]
[White "KingOfConvenience"]
[Black "Beca95"]
[Result "0-1"]
[WhiteElo "2345"]
[BlackElo "2491"]
[TimeControl "180+2"]
[EndTime "11:24:36 PST"]
[Termination "Beca95 won by checkmate"]

1. c4 Nf6 2. Nc3 g6 3. e4 d6 4. d4 Bg7 5. Nf3 O-O 6. Be2 c5 7. O-O Bg4 8. d5 e6 9. dxe6 Bxe6 10. Bf4 Qb6 11. Qd2 Nc6 12. h3 Rad8 13. Rad1 Rfe8 14. Rfe1 Ne5 15. b3 Qc6 16. Bg5 Qc7 17. Qf4 Nh5 18.
Qe3 f6 19. Bh4 Qf7 20. Nxe5 dxe5 21. Bxh5 gxh5 22. Qxc5 b6 23. Qe3 Qg6 24. Qf3 Rd4 25. Nb5 Rd7 26. Rxd7 Bxd7 27. Nd6 Rd8 28. Nf5 Bxf5 29.
exf5 Qf7 30. Rd1 Qe7 31. Qxh5 Rd4 32. Qf3 e4 33. Qh5 Rd3 34. Qg4 Qe5 35. Re1 e3 36. fxe3 Rxe3 37. Rxe3 Qxe3+ 38. Kh2 Qe5+ 39. Bg3 Qa5 40.
Qe4 h6 41. Bh4 Kh7 42. Qg4 Qe5+ 43. Bg3 Qe7 44. Bf4 Qe4 45. Qg6+ Kh8 46. Qg4 Kh7 47. Bc1 Qe5+ 48. Bf4 Qe4 49. h4 a6 50. Kh3 Qd3+ 51. Bg3 b5 52. cxb5 axb5 53. Qf3 Qd7 54. Qe4 Qa7 55.
a4 bxa4 56. bxa4 Qg1 57. a5 Bf8 58. Qb7+ Kh8 59. Qc8 Kg7 60. Qd7+ Kg8 61. Qe6+ Kg7 62. a6 Bc5 63. Qe4 Qh1+ 64. Bh2 Bd6 65. Qb7+ Kf8 66. g3 Qf1+ 67. Qg2 Qxf5+ 68. g4 Qd3+ 69. Bg3 Bxg3 70. Qxg3 Qxa6 71. Qe3 Kf7 72. h5 Qf1+ 73. Kg3 Kg7 74. Qe7+ Kh8 75. Qf8+ Kh7 76. Qf7+ Kh8 77. Qe8+ Kg7 78. Qg6+ Kf8 79. Qxh6+ Kf7 80. Qe3 Qh1 81.
Kf4 Qh2+ 82. Kf5 Qd6 83. Qb3+ Kg7 84. Qc4 Qe5# 0-1

[Event "*** Titled Tuesday 3|2 Blitz"]
[Site "Chess.com"]
[Date "2015.01.27"]
[Round "2"]
[White "AnthonyWirig"]
[Black "Max_Schachmann"]
[Result "1-0"]
[WhiteElo "2533"]
[BlackElo "2402"]
[TimeControl "180+2"]
[EndTime "11:24:39 PST"]
[Termination "AnthonyWirig won by resignation"]

1. d4 Nf6 2. Bg5 d5 3. e3 Nbd7 4. Nf3 h6 5. Bh4 c5 6. c3 Qb6 7.
Qb3 e6 8. Nbd2 Bd6 9. Bg3 Bxg3 10. hxg3 Qd6 11. Be2 O-O 12. Rd1 b6 13. O-O Bb7 14. Qc2 Rad8 15. Rfe1 Rfe8 16. Bb5 a6 17. Bxd7 Nxd7 18.
dxc5 Nxc5 19. Nb3 Ne4 20. Nfd2 f5 21. Nxe4 fxe4 22. Qe2 Qc7 23. Qg4 Qf7 24. Qf4 Qe7 25. Qh4 Qf7 26. Qf4 Qe7 27. Qe5 Rf8 28. Nd4 Rd6 29.
f4 exf3 30. gxf3 b5 31. a3 Rb6 32. Kg2 Re8 33. Rh1 Rd6 34. Rh4 Rb6 35. Rf4 Qd6 36.
Qh5 Re7 37. Rg4 Kf8 38. Rf4+ Kg8 39. Rg4 Kf8 40. Rh1 Rf7 41. Rf4 Qe7 42. Qg6 Rxf4 43. exf4 Bc8 44. Re1 Qf7 45. Qh7 Bd7 46. Re5 Qg8 47. Qg6 Qf7 48. Qh7 Qg8 49. Qd3 Qf7 50. Qe3 Qf6 51. Qe1 Rd6 52. Qe3 Rb6 53. Ne2 Rd6 54.
Qc5 Qe7 55. Nd4 g6 56. Qc7 Be8 57. Qc5 Bf7 58. Ne2 Rd7 59. Qe3 Kg8 60. Nd4 Rd6 61.
f5 Kg7 62. fxe6 Bg8 63. Qf4 Rd8 64. Re2 Rf8 65. Qe5+ Kh7 66. f4 Rf6 67. Qe3 Kg7 68. Qe5 Bh7 69. g4 g5 70. f5 h5 71. gxh5 Kh6 72.
Kg3 g4 73. Qf4+ Kg7 74. Qg5+ Kh8 75. Qf4 Rf8 76. Qe5+ Rf6 77. Rf2 Qg7 78. Rf4 Qe7 79.
Rxg4 Bg8 80. Rg6 1-0

[Event "*** Titled Tuesday 3|2 Blitz"]
[Site "Chess.com"]
[Date "2015.01.27"]
[Round "2"]
[White "HansCoolNiemann"]
[Black "VovAn1991"]
[Result "0-1"]
[WhiteElo "1708"]
[BlackElo "2450"]
[TimeControl "180+2"]
[EndTime "11:25:31 PST"]
[Termination "VovAn1991 won by checkmate"]

1. d4 Nf6 2. c4 g6 3. Nc3 Bg7 4. e4 d6 5. Nf3 O-O 6. Be2 e5 7. dxe5 dxe5 8. Qxd8 Rxd8 9. Bg5 Re8 10. O-O-O Na6 11. Ne1 c6 12. f3 Be6 13. Nc2 Nh5 14.
g3 Bf8 15. Be3 Bc5 16. Bxc5 Nxc5 17. b4 Nd7 18. Rd2 a5 19. a3 axb4 20. axb4 Nb6 21. c5 Na4 22. Nb1 f5 23. exf5 gxf5 24. f4 Nf6 25.
fxe5 Ne4 26. Rd4 Nac3 27. Bh5 Bf7 28. Bxf7+ Kxf7 29. Nxc3 Nxc3 30. Rd7+ Re7 31. Rxe7+ Kxe7 32. Kb2 Nd5 33. Re1 f4 34. gxf4 Nxf4 35. Re4 Ng6 36. Nd4 Rf8 37. Re2 Rf4 38. Kc3 Kd7 39. Nb3 Ne7 40.
Rd2+ Nd5+ 41. Kc2 Ke6 42. Rd4 Nxb4+ 43. Kd2 Rxd4+ 44. Nxd4+ Kxe5 45. Nb3 Na6 46. Kd3 Kd5 47. Ke3 Nxc5 48. Nd4 b5 49. Nc2 Na6 50. Kd3 b4 51. h4 Nc5+ 52. Kd2 Kc4 53. Ne3+ Kb5 54. Kc2 Ne6 55. Nf5 c5 56. Nd6+ Ka4 57. Nc4 Nd4+ 58. Kb2 Kb5 59. Nd6+ Kc6 60. Nc4 Kd5 61. Ne3+ Ke4 62.
Nc4 Kf4 63. h5 Kg5 64. Ne5 Kxh5 65. Nd3 Ne6 66. Kb3 Kg4 67. Kc4 Kf3 68. Kd5 Ke3 69. Nb2 h5 70. Kxe6 h4 71. Kd5 h3 72. Nc4+ Ke2 73. Nd6 h2 74. Kxc5 h1=Q 75. Kxb4 Qd5 76. Nc4 Kd3 77. Nb2+ Kd4 78. Na4 Qc4+ 79. Ka5 Qb3 80.
Nb6 Kc5 81. Nd7+ Kc6 82. Ne5+ Kd6 83. Ng6 Kc5 84. Ne5 Qa3# 0-1

[Event "*** Titled Tuesday 3|2 Blitz"]
[Site "Chess.com"]
[Date "2015.01.27"]
[Round "2"]
[White "EltajSafarli"]
[Black "TooOldTooSlow70"]
[Result "1/2-1/2"]
[WhiteElo "2304"]
[BlackElo "2319"]
[TimeControl "180+2"]
[EndTime "11:26:14 PST"]
[Termination "Game drawn by agreement"]

1. e4 e5 2. Nf3 d6 3. d4 exd4 4.
Nxd4 Nf6 5. Nc3 Be7 6. g3 O-O 7. Bg2 Nc6 8. O-O Bg4 9. f3 Bd7 10. Be3 Nxd4 11. Bxd4 Re8 12. Qd2 Bf8 13. Rad1 Bc6 14.
Rfe1 g6 15. f4 Bg7 16. h3 Qd7 17. g4 Re7 18. Re2 Rae8 19. Rde1 h6 20. f5 g5 21.
Bf3 b6 22. h4 Nh7 23. f6 Bxf6 24. Bxf6 Nxf6 25. hxg5 Nxg4 26. gxh6 Kh7 27. Rg2 Rg8 28. Qf4 f5 29. Rf1 Ne5 30. Rxg8 Kxg8 31. Kh2 Kh7 32.
Be2 Qe6 33. Bh5 Ng4+ 34. Bxg4 fxg4 35. Qg5 Qxh6+ 36. Qxh6+ Kxh6 37. Kg3 Kg6 38. Rf4 a5 39. a3 Re5 40. Rxg4+ Rg5 41. Kf4 Rxg4+ 42. Kxg4 Kf6 43. Kf4 Ke6 44. Ne2 Bb7 45. Nd4+ Kd7 46. Kf5 Ke7 47.
e5 dxe5 48. Kxe5 Kd7 49. Ne6 Bh1 50. Nd4 Bg2 51. Nf5 Bh1 52. Ne3 Bf3 53. Kd4 Bh1 54.
Ke5 Bf3 55. Nf5 Bh1 56. b4 axb4 57. axb4 Kc6 58. c4 Kd7 59. Ne3 Bf3 60. Nd5 Bh1 61. Nf6+ Kc6 62. Ke6 Bg2 63. Ke5 Bf1 64. Kd4 Bg2 65.
Ng4 Bh1 66. Nf2 Bg2 67. Nd3 Bh1 68. Ne5+ Kd6 69. c5+ bxc5+ 70. bxc5+ Ke6 71. Nd3 Ba8 72. Kc4 Bh1 73. Kb5 Kd7 74. Ne5+ Ke6 75. Nc6 Kd7 76. Nd4 Bg2 77. Ka6 Kc8 78. Ka7 Bh1 79. Nb5 Bg2 80. Nd4 Bh1 81. Nf5 Bg2 82. Nd4 Bh1 83. Nb5 Bg2 84.
Nd4 Bh1 85. c6 Bxc6 86. Nxc6 Kd7 1/2-1/2

[Event "*** Titled Tuesday 3|2 Blitz"]
[Site "Chess.com"]
[Date "2015.01.27"]
[Round "2"]
[White "GeorgMeier"]
[Black "lorcho"]
[Result "1-0"]
[WhiteElo "2666"]
[BlackElo "2398"]
[TimeControl "180+2"]
[EndTime "11:26:21 PST"]
[Termination "GeorgMeier won by resignation"]

1. Nf3 d5 2. g3 Nf6 3. Bg2 c5 4. O-O Nc6 5. d4 e6 6. c4 Be7 7. cxd5 exd5 8. Nc3 O-O 9. dxc5 Bxc5 10. Bg5 d4 11. Bxf6 Qxf6 12. Ne4 Qe7 13. Nxc5 Qxc5 14.
Ne1 Re8 15. Nd3 Qe7 16. Qd2 Bf5 17. Bf3 Be4 18. Rac1 Bxf3 19. exf3 Rad8 20. Rfe1 Qf6 21. f4 Rxe1+ 22. Rxe1 g6 23. a3 Qd6 24. h4 Qd5 25. Qe2 Kg7 26. Kh2 h5 27. Kg1 a5 28. Rc1 Rd7 29. Rc5 Qd6 30. Qf3 Re7 31. Kg2 Qe6 32. f5 Qf6 33. fxg6 fxg6 34. Rb5 Qe6 35. Nf4 Qd6 36.
Nxh5+ Kh6 37. Nf4 Ne5 38. Qd5 Qc6 39. Rc5 Rd7 40. Qxc6 Nxc6 41. Kf1 d3 42. Ke1 d2+ 43. Kd1 Nd4 44. Rd5 Rxd5 45. Nxd5 Nb3 46. Nb6 Kh5 47. Nc4 Kg4 48. Nxd2 Nd4 49. Ke1 a4 50. Ne4 b5 51. Nd2 Kf5 52. f3 Ke5 53. Kd1 Nf5 54. Nf1 Kd4 55. Kd2 Nd6 56. g4 Nc4+ 57. Kc2 Ke5 58.
h5 gxh5 59. gxh5 Kf5 60. Nd2 Ne3+ 61. Kc1 Kg5 62. Ne4+ Kxh5 63. Nc3 Kg5 64. Nxb5 Nc4 65. Nc3 Nb6 66. Ne2 Kf5 67. Kc2 Ke5 68. Kc3 Kd5 69.
Kb4 Kc6 70. Nc3 Nd7 71. Kxa4 Nc5+ 72. Ka5 Nd3 73. b4 Ne5 74. Ka6 Nxf3 75. b5+ Kc7 76. Ka7 Nd4 77. a4 Kc8 78. Nd5 Nb3 79. Kb6 Kb8 80. Nb4 Nd2 81. Nc6+ Ka8 82. Kc5 Nb3+ 83. Kb4 Nd2 84. a5 Ne4 85. Ne5 Nd6 86. Nc4 Nb7 87. a6 Nd8 88. Ka5 Ne6 89. Ne5 Nc5 90.
b6 Nb3+ 91. Kb5 Nd4+ 92. Kc5 Ne6+ 93. Kd6 Nd8 94. Nc6 Nf7+ 95. Kd7 Nd6 96. Ne7 Nb7 97.
axb7+ Kxb7 98. Nd5 Kb8 99. Kc6 Kc8 100. Ne3 Kb8 101. b7 1-0

[Event "*** Titled Tuesday 3|2 Blitz"]
[Site "Chess.com"]
[Date "2015.01.27"]
[Round "3"]
[White "exoticprincess"]
[Black "jcibarra"]
[Result "1-0"]
[WhiteElo "2652"]
[BlackElo "2434"]
[TimeControl "180+2"]
[EndTime "11:40:40 PST"]
[Termination "exoticprincess won by resignation"]

1. b3 d5 2. Bb2 Bg4 3. f3 Bf5 4.
e4 dxe4 5. Nc3 Nf6 6. Qe2 exf3 7.
Qxf3 Qc8 8. Qg3 c6 9. Nf3 Na6 10.
Bxa6 bxa6 11. O-O-O e6 12. d3 Bg6 13. Kb1 Be7 14.
Ne4 a5 15. Nd6+ Bxd6 16. Qxd6 Qd7 17. Qa3 Qd5 18. Rhe1 a4 19. Re5 Qd7 20. Qxa4 O-O 21. Rc5 Bh5 22. Bxf6 Bxf3 23. Rg5 1-0

[Event "*** Titled Tuesday 3|2 Blitz"]
[Site "Chess.com"]
[Date "2015.01.27"]
[Round "3"]
[White "Konavets"]
[Black "silverback96"]
[Result "1-0"]
[WhiteElo "2306"]
[BlackElo "2025"]
[TimeControl "180+2"]
[EndTime "11:41:27 PST"]
[Termination "Konavets won by resignation"]

1. d4 Nf6 2. c4 c5 3. d5 b5 4.
cxb5 a6 5. bxa6 g6 6. Nc3 Bg7 7. e4 O-O 8. Nf3 Qa5 9. Nd2 Bxa6 10. Be2 d6 11. O-O Nbd7 12. Rb1 Rfb8 13. a3 Ne8 14. Bxa6 Qxa6 15. Qc2 Nc7 16. Rd1 Nb5 17. Nxb5 Rxb5 18.
b3 Rab8 19. Bb2 Bxb2 20. Qxb2 Ne5 21. Qc2 Qxa3 22. Ra1 Qb4 23. Ra4 h5 24. Rxb4 Rxb4 25.
Nc4 Rxb3 26. Nxe5 dxe5 27. Qxc5 R3b7 28. g3 Kg7 29. d6 exd6 30. Rxd6 Re8 31. Kg2 Rbe7 32.
Qd5 Kg8 33. Rxg6+ Kf8 34. Rg5 1-0